[Event "Titled Tuesday Blitz January 03 Late 2023"]
[White "AidenRchess"]
[Black "Di Nicolantonio, Lucas"]
[BlackFideId "680460"]
[WhiteElo "2398"]
[BlackElo "2376"]
[Result "1-0"]
[Round "02"]
[TimeControl "180+2"]
[Date "2023.01.03"]
[WhiteClock "0:00:07"]
[BlackClock "0:00:20"]

1. e4 g6 2. d4 Bg7 3. Nc3 d6 4. Be3 a6 5. Qd2 b5 6. h4 h6 7. Nh3 Bxh3 8. Rxh3 Nd7 9. h5 g5 10. f4 gxf4 11. Bxf4 c5 12. Ne2 cxd4 13. Ng3 e6 14. Bxd6 Ne5 15. Bc5 Rc8 16. Bxd4 Nc4 17. Bxc4 Bxd4 18. Bb3 Bxb2 19. Qxd8+ Rxd8 20. Rd1 Rxd1+ 21. Kxd1 Nf6 22. a4 Ke7 23. axb5 axb5 24. Ke2 Be5 25. Kf3 Rg8 26. Nf1 Rg4 27. Nd2 Rf4+ 28. Ke2 Nxe4 29. Nxe4 Rxe4+ 30. Kd3 Rg4 31. Re3 Kd6 32. Re2 Rg3+ 33. Kd2 Bc3+ 34. Kd1 e5 35. Bxf7 Rg4 36. Bg6 Rd4+ 37. Bd3 Rh4 38. Re4 Rxh5 39. Bxb5 Rh2 40. Rg4 h5 41. Rg5 Kc5 42. Bd3 h4 43. Ke2 h3 44. Kf3 Rh1 45. gxh3 Rxh3+ 46. Ke2 Rh2+ 47. Kf3 Kd4 48. Rg4+ Kc5 49. Rc4+ Kd5 50. Rxc3 Rh3+ 51. Ke2 Rh2+ 52. Kd1 Kd4 53. Rc4+ Kd5 54. Ra4 Rh1+ 55. Kd2 Rh2+ 56. Kc3 Rh3 57. Ra5+ Kd6 58. Kc4 Rh4+ 59. Kb3 Rh3 60. Kb2 Rh2 61. Rb5 Kc6 62. Rxe5 Rg2 63. Re2 Rh2 64. Rxh2 Kc5 65. Rh4 1-0


[Site "https://www.chess.com"]

[Event "Titled Tuesday Blitz January 03 Late 2023"]
[White "Finkelstein, Alan"]
[Black "Poliakova, Varvara"]
[WhiteFideId "30950961"]
[BlackFideId "13518313"]
[WhiteElo "2152"]
[BlackElo "2010"]
[Result "1-0"]
[Round "02"]
[TimeControl "180+2"]
[Date "2023.01.03"]
[WhiteClock "0:00:25"]
[BlackClock "0:00:44"]

1. d4 f5 2. c4 d6 3. g3 Nf6 4. Bg2 g6 5. Nc3 Bg7 6. Nh3 O-O 7. O-O e5 8. d5 a5 9. Ng5 Qe7 10. e4 h6 11. Ne6 Bxe6 12. dxe6 Qxe6 13. exf5 gxf5 14. Bxb7 Nbd7 15. Bxa8 Rxa8 16. Qe2 Nc5 17. Be3 Nce4 18. Nxe4 fxe4 19. Kg2 Rf8 20. f3 exf3+ 21. Rxf3 Qg4 22. Raf1 Rb8 23. Qc2 Ne4 24. b3 a4 25. Qd1 Qg6 26. Qd5+ Kh7 27. Rf7 axb3 28. axb3 Rxb3 29. Rxc7 Rxe3 30. Rff7 Rxg3+ 31. hxg3 Qxg3+ 32. Kf1 Qh3+ 33. Ke2 Ng3+ 34. Kd1 Qg4+ 35. Kc1 Ne2+ 36. Kb2 1-0


[Site "https://www.chess.com"]

[Event "Titled Tuesday Blitz January 03 Late 2023"]
[White "Corredor Castellanos, Camilo"]
[Black "Richter, Paul"]
[WhiteFideId "4425871"]
[BlackFideId "2046350"]
[WhiteElo "1957"]
[BlackElo "2171"]
[Result "1-0"]
[Round "02"]
[TimeControl "180+2"]
[Date "2023.01.03"]
[WhiteClock "0:00:22"]
[BlackClock "0:00:01"]

1. d4 Nf6 2. c4 g6 3. Nc3 Bg7 4. e4 d6 5. Nf3 O-O 6. h3 Na6 7. Be3 e5 8. d5 Nc5 9. Nd2 a5 10. g4 h5 11. f3 Nh7 12. h4 hxg4 13. fxg4 f5 14. g5 Qe8 15. Bxc5 dxc5 16. Qe2 Bd7 17. O-O-O Ra6 18. Bh3 Qe7 19. Rdg1 Rb6 20. a3 Ra6 21. Nf3 Qf7 22. h5 fxe4 23. hxg6 Rxg6 24. Bxd7 exf3 25. Qh2 Qf4+ 26. Qxf4 Rxf4 27. Be6+ Kh8 28. Rxh7+ Kxh7 29. Rh1+ Bh6 30. gxh6 Rxh6 31. Rxh6+ Kxh6 32. Bh3 Kg5 33. Kd2 Kh4 34. Bf1 Kg3 35. Ke3 b6 36. b3 f2 37. Ne4+ Kh2 38. Nd2 Kg1 39. a4 Rf8 40. Bd3 Rf4 41. Nf3+ Kg2 42. Nxe5 f1=Q 43. Bxf1+ Rxf1 44. Kd3 Re1 45. Nc6 Rh1 46. Nd8 Rh7 47. Ne6 Kg3 48. Ke4 Kg4 49. Kd3 Kf5 50. Nd8 Ke5 51. Nc6+ Kd6 52. Kc3 Rh3+ 53. Kb2 Rg3 54. Ka3 Rg6 55. Na7 Ke5 56. Nb5 1-0


[Site "https://www.chess.com"]

[Event "Titled Tuesday Blitz January 03 Late 2023"]
[White "Chor, Kevin"]
[Black "Zampronha, Wladimir Camilo"]
[WhiteFideId "2090740"]
[BlackFideId "2103087"]
[WhiteElo "1944"]
[BlackElo "2176"]
[Result "1-0"]
[Round "02"]
[TimeControl "180+2"]
[Date "2023.01.03"]
[WhiteClock "0:00:38"]
[BlackClock "0:00:47"]

1. e4 c5 2. Nf3 e6 3. d4 cxd4 4. Nxd4 Nc6 5. Nc3 Qc7 6. Be3 a6 7. Be2 Nf6 8. O-O Bb4 9. Bd3 h5 10. Nxc6 bxc6 11. f3 Bd6 12. f4 Ng4 13. Qe2 Rb8 14. b3 Qa5 15. Bd2 Bb4 16. Nb1 Qc5+ 17. Kh1 Bxd2 18. Nxd2 Qe3 19. Nc4 Qxe2 20. Bxe2 d5 21. Nd6+ Ke7 22. Nxc8+ Rbxc8 23. Bxa6 Ra8 24. Bd3 Ra3 25. Kg1 Rha8 26. exd5 cxd5 27. Rfe1 Rxa2 28. Rad1 Kf6 29. h3 Nh6 30. Re5 Nf5 31. Bxf5 exf5 32. Rdxd5 Rxc2 33. Rxf5+ Ke6 34. Rfe5+ Kf6 35. Rd6# 1-0


[Site "https://www.chess.com"]

[Event "Titled Tuesday Blitz January 03 Late 2023"]
[White "Sailer, Mike"]
[Black "Perske, Thore"]
[WhiteFideId "2012901"]
[BlackFideId "12902195"]
[WhiteElo "2109"]
[BlackElo "2448"]
[Result "0-1"]
[Round "02"]
[TimeControl "180+2"]
[Date "2023.01.03"]
[WhiteClock "0:00:01"]
[BlackClock "0:00:39"]

1. d4 d5 2. Nf3 Nf6 3. Bf4 c5 4. e3 Nc6 5. Nc3 a6 6. Be2 Bg4 7. O-O e6 8. h3 Bh5 9. Ne5 Bxe2 10. Nxe2 Bd6 11. c3 O-O 12. a3 Qc7 13. Nd3 c4 14. Bxd6 Qxd6 15. Nb4 Ne4 16. f3 Ng3 17. Nxg3 Qxg3 18. Qe1 Qxe1 19. Raxe1 a5 20. Nc2 b5 21. e4 Rab8 22. exd5 exd5 23. Ne3 Rfd8 24. Nf5 Kf8 25. Re2 b4 26. axb4 axb4 27. Rfe1 g6 28. Ne7 Nxe7 29. Rxe7 bxc3 30. bxc3 Rb3 31. R7e3 Ra8 32. Re5 Ra5 33. R1e3 f6 34. Re6 Kg7 35. Re7+ Kh6 36. Rd7 Raa3 37. Ree7 Kg5 38. Rxd5+ f5 39. Rxh7 Rxc3 40. Kh2 Rc2 41. h4+ Kf4 42. Rg7 Ra1 43. Rxg6 Rcc1 44. g3+ Ke3 45. Re5+ Kf2 46. Re2+ Kxe2 47. g4 f4 48. g5 Rh1+ 49. Kg2 Rag1# 0-1


[Site "https://www.chess.com"]

[Event "Titled Tuesday Blitz January 03 Late 2023"]
[White "Deac, Bogdan-Daniel"]
[Black "Cruz Gomez, Miguel Angel"]
[WhiteFideId "1226380"]
[BlackFideId "5137160"]
[WhiteElo "2700"]
[BlackElo "1950"]
[Result "1-0"]
[Round "02"]
[TimeControl "180+2"]
[Date "2023.01.03"]
[WhiteClock "0:02:37"]
[BlackClock "0:01:00"]

1. b3 d5 2. Bb2 Bf5 3. e3 e6 4. c4 c6 5. Nf3 Nf6 6. Be2 Nbd7 7. Nh4 Bxb1 8. Rxb1 Ne4 9. Nf3 Be7 10. O-O Bf6 11. d4 O-O 12. Bd3 g6 13. Qc2 Nd6 14. c5 Ne8 15. b4 Bg7 16. a4 f5 17. b5 g5 18. bxc6 bxc6 19. Bc3 g4 20. Nd2 Ndf6 21. Rb7 Rf7 22. Rfb1 Rxb7 23. Rxb7 Qc8 24. Qb1 Bh6 25. g3 Bf8 26. Ba5 h6 27. Ba6 Nh7 28. Rg7+ Nxg7 29. Bxc8 Rxc8 30. Qb7 Re8 31. Qxc6 1-0


[Site "https://www.chess.com"]

[Event "Titled Tuesday Blitz January 03 Late 2023"]
[White "Lorenzo De La Riva, Lazaro"]
[Black "Bortnyk, Olexandr"]
[WhiteFideId "2268809"]
[BlackFideId "14120828"]
[WhiteElo "2404"]
[BlackElo "2605"]
[Result "0-1"]
[Round "02"]
[TimeControl "180+2"]
[Date "2023.01.03"]
[WhiteClock "0:00:01"]
[BlackClock "0:00:06"]

1. e4 Nf6 2. e5 Nd5 3. d4 d6 4. Nf3 dxe5 5. Nxe5 c6 6. Be2 Bf5 7. O-O Nd7 8. Nf3 e6 9. c4 N5f6 10. Nh4 Bg6 11. Nc3 Bd6 12. g3 O-O 13. Nxg6 hxg6 14. Be3 e5 15. dxe5 Bxe5 16. Qc2 Re8 17. Rad1 Qa5 18. Bf3 Bxc3 19. bxc3 Ne5 20. Be2 Re7 21. h3 Rae8 22. Rd4 Ned7 23. Rfd1 Nc5 24. Bf3 Nfe4 25. Kg2 Qxc3 26. Qb1 Qa3 27. Bc1 Qa4 28. Bb2 Ng5 29. Bg4 f5 30. h4 Nge6 31. Bf3 Nxd4 32. Rxd4 Re1 33. Bc1 a5 34. Qb2 Qb4 35. Qc2 R1e6 36. Bb2 Qa4 37. Qd2 Qxa2 38. Rd8 Rxd8 39. Qxd8+ Kh7 40. h5 Qxb2 41. hxg6+ Rxg6 42. Bh5 Rf6 0-1


[Site "https://www.chess.com"]

[Event "Titled Tuesday Blitz January 03 Late 2023"]
[White "Shimanov, Aleksandr"]
[Black "Huber, Benedikt"]
[WhiteFideId "4198603"]
[BlackFideId "12923583"]
[WhiteElo "2581"]
[BlackElo "2272"]
[Result "1-0"]
[Round "02"]
[TimeControl "180+2"]
[Date "2023.01.03"]
[WhiteClock "0:01:02"]
[BlackClock "0:01:01"]

1. e4 c5 2. Nf3 e6 3. c3 Nf6 4. e5 Nd5 5. d4 cxd4 6. cxd4 d6 7. Bc4 Be7 8. O-O O-O 9. Nc3 Nxc3 10. bxc3 Qc7 11. Qe2 b6 12. Ng5 h6 13. exd6 Bxd6 14. Nf3 Bb7 15. h3 Nd7 16. Bb5 Nf6 17. Bd2 Rac8 18. Rac1 Ba3 19. Rb1 Bd5 20. Ne5 Bd6 21. Bd3 Bxe5 22. dxe5 Nd7 23. Rfe1 Bc4 24. Bf4 Bxd3 25. Qxd3 Rfd8 26. Qg3 Qxc3 27. Re3 Qc2 28. Rb4 Qg6 29. Qh4 Nf8 30. Rg3 Qb1+ 31. Rxb1 1-0


[Site "https://www.chess.com"]

[Event "Titled Tuesday Blitz January 03 Late 2023"]
[White "Melkumyan, Hrant"]
[Black "marik_spb"]
[WhiteFideId "13302485"]
[WhiteElo "2645"]
[BlackElo "2401"]
[Result "1-0"]
[Round "02"]
[TimeControl "180+2"]
[Date "2023.01.03"]
[WhiteClock "0:00:11"]
[BlackClock "0:00:01"]

1. d4 Nf6 2. c4 e6 3. Nc3 Bb4 4. a3 Bxc3+ 5. bxc3 O-O 6. f3 d6 7. e4 e5 8. Bd3 c5 9. Ne2 Nc6 10. Bg5 h6 11. Bh4 cxd4 12. cxd4 Qa5+ 13. Qd2 Qxd2+ 14. Kxd2 Nxd4 15. Nxd4 exd4 16. Bf2 Be6 17. Bxd4 Nd7 18. Rhc1 Rfc8 19. a4 Nc5 20. Bxc5 dxc5 21. a5 b6 22. Ke3 Kf8 23. Rcb1 Ke7 24. f4 f6 25. e5 Rd8 26. axb6 axb6 27. Rxa8 Rxa8 28. f5 Bc8 29. Rxb6 fxe5 30. Rc6 Bd7 31. Rxc5 Kf6 32. g4 Ra2 33. Rd5 Bc8 34. h4 Rh2 35. Rd6+ Ke7 36. Rg6 Rh3+ 37. Kd2 Rxh4 38. Rxg7+ Kd6 39. c5+ Kxc5 40. Rc7+ Kd6 41. Rxc8 Rxg4 42. Re8 h5 43. Ke3 h4 44. Be4 h3 45. Re6+ Kd7 46. Rh6 Rg3+ 47. Bf3 Ke7 48. Ke4 Kf7 49. Be2 Kg7 50. Rh5 Kf6 51. Bd3 Rg4+ 52. Kf3 Rf4+ 53. Ke3 Rd4 54. Rh6+ Kg5 55. Rxh3 Rg4 56. Be4 Kf6 57. Rh6+ Kf7 58. Rg6 Rh4 59. Bd5+ 1-0


[Site "https://www.chess.com"]

[Event "Titled Tuesday Blitz January 03 Late 2023"]
[White "Rengifo Blancas, Renzo Jhonathan"]
[Black "Svane, Rasmus"]
[WhiteFideId "3807185"]
[BlackFideId "4657101"]
[WhiteElo "2131"]
[BlackElo "2623"]
[Result "0-1"]
[Round "02"]
[TimeControl "180+2"]
[Date "2023.01.03"]
[WhiteClock "0:00:04"]
[BlackClock "0:00:07"]

1. e4 c6 2. d4 d5 3. Nc3 dxe4 4. Nxe4 Nf6 5. Nxf6+ exf6 6. c3 Bd6 7. Bd3 O-O 8. Qh5 Re8+ 9. Ne2 g6 10. Qh4 Na6 11. Be3 Nc7 12. O-O Nd5 13. Bd2 Be6 14. Rae1 Bf8 15. Nf4 Nxf4 16. Bxf4 Bg7 17. a3 b5 18. Re3 Qd7 19. Rfe1 a5 20. Bh6 Bd5 21. Bxg7 Kxg7 22. h3 Rxe3 23. Rxe3 Re8 24. Qf4 Rxe3 25. Qxe3 Qd6 26. Be4 Be6 27. Bf3 h5 28. Qd2 Bd7 29. Qe1 h4 30. Qd2 g5 31. Qd3 Qf4 32. Qd1 f5 33. d5 c5 34. Be2 g4 35. Bf1 g3 36. fxg3 Qe3+ 37. Kh1 hxg3 38. c4 b4 39. axb4 axb4 40. Bd3 f4 41. Be2 Bf5 42. Bf3 Kf6 43. b3 Qd4 44. Qf1 Qd2 45. Bd1 Be4 46. Bg4 Ke5 47. h4 f5 48. Bh5 Bd3 49. Qa1+ Qc3 50. Qd1 Be4 51. Be2 Qd4 52. Qe1 Kf6 53. Bf1 Qe3 54. Qa1+ Kg6 55. Qd1 Qf2 56. h5+ Kh6 57. d6 f3 58. Qc1+ Kxh5 59. Qd1 Kh4 60. gxf3 Bxf3+ 61. Qxf3 Qxf3+ 62. Kg1 Qf2+ 63. Kh1 Qh2# 0-1


[Site "https://www.chess.com"]

[Event "Titled Tuesday Blitz January 03 Late 2023"]
[White "Li, Ruifeng"]
[Black "Suvorov, Luca"]
[WhiteFideId "2061074"]
[BlackFideId "12977071"]
[WhiteElo "2541"]
[BlackElo "2310"]
[Result "1/2-1/2"]
[Round "02"]
[TimeControl "180+2"]
[Date "2023.01.03"]
[WhiteClock "0:00:50"]
[BlackClock "0:00:23"]

1. g4 d5 2. Bg2 c6 3. e3 h5 4. g5 h4 5. h3 e5 6. f4 Bd6 7. d3 exf4 8. exf4 Ne7 9. Nf3 Nf5 10. O-O Be6 11. Nc3 Nd7 12. Ne2 Qc7 13. Nfd4 O-O-O 14. Nxf5 Bxf5 15. Nd4 g6 16. Qf3 Rde8 17. Be3 Bc5 18. Rae1 Qb6 19. Nxf5 gxf5 20. Bxc5 Qxc5+ 21. Qf2 Qxf2+ 22. Kxf2 Nc5 23. Re3 Rxe3 24. Kxe3 Re8+ 25. Kd2 Ne6 26. c3 Kd7 27. Rf2 f6 28. gxf6 Rf8 29. Ke3 Rxf6 30. Bf3 Rg6 31. Rg2 Rxg2 32. Bxg2 Kd6 33. Bf3 a5 34. Bh5 Ke7 35. a3 b6 36. b4 axb4 37. cxb4 c5 38. bxc5 d4+ 39. Kf3 Nxc5 40. Ke2 Ne6 41. Kf3 Nc5 42. Ke2 Ne6 43. Kf3 Nc5 1/2-1/2


[Site "https://www.chess.com"]

[Event "Titled Tuesday Blitz January 03 Late 2023"]
[White "Svane, Frederik"]
[Black "Vovk, Orest"]
[WhiteFideId "12923044"]
[BlackFideId "14113490"]
[WhiteElo "2600"]
[BlackElo "2315"]
[Result "1-0"]
[Round "02"]
[TimeControl "180+2"]
[Date "2023.01.03"]
[WhiteClock "0:00:29"]
[BlackClock "0:00:11"]

1. a3 g5 2. d4 g4 3. c4 Nf6 4. Nc3 Rg8 5. e4 d6 6. Be3 Nc6 7. b4 e5 8. d5 Nd4 9. Nge2 Nxe2 10. Bxe2 a5 11. O-O axb4 12. axb4 Rxa1 13. Qxa1 Nh5 14. c5 Nf4 15. Bb5+ Ke7 16. Bxf4 exf4 17. e5 dxe5 18. d6+ cxd6 19. Nd5+ Ke6 20. Qa2 Kf5 21. Nxf4 Be6 22. Nxe6 fxe6 23. f4 e4 24. Bc4 d5 25. Rd1 Qe7 26. Bxd5 exd5 27. Qxd5+ Kxf4 28. g3+ Kf3 29. Qf5+ Ke2 30. Qf1+ Ke3 31. Qf2# 1-0


[Site "https://www.chess.com"]

[Event "Titled Tuesday Blitz January 03 Late 2023"]
[White "Boros, Denes"]
[Black "Donskov, Anatoly"]
[WhiteFideId "722340"]
[BlackFideId "24143413"]
[WhiteElo "2406"]
[BlackElo "2279"]
[Result "1-0"]
[Round "02"]
[TimeControl "180+2"]
[Date "2023.01.03"]
[WhiteClock "0:00:33"]
[BlackClock "0:00:36"]

1. d4 Nf6 2. Nc3 d5 3. Nf3 c6 4. Qd3 g6 5. e4 dxe4 6. Nxe4 Bg7 7. Be2 Nxe4 8. Qxe4 Bf5 9. Qh4 Bxc2 10. Bh6 Bf6 11. Qf4 Nd7 12. O-O Qa5 13. Rac1 Qf5 14. Qc7 Be4 15. Qxb7 Rb8 16. Qxa7 Rxb2 17. Nd2 Bd5 18. Rb1 Rxa2 19. Qc7 e5 20. Nc4 Bxc4 21. Bxc4 Ra8 22. Qxc6 Rd8 23. dxe5 Bxe5 24. Rfe1 Qh5 25. Bf4 Kf8 26. Bxe5 Nxe5 27. Qf6 Re8 28. Qxh8+ Ke7 29. Qxe5+ 1-0


[Site "https://www.chess.com"]

[Event "Titled Tuesday Blitz January 03 Late 2023"]
[White "Andrews, Todd"]
[Black "Bryakin, Mikhail"]
[WhiteFideId "2012456"]
[BlackFideId "4165314"]
[WhiteElo "2220"]
[BlackElo "2455"]
[Result "0-1"]
[Round "02"]
[TimeControl "180+2"]
[Date "2023.01.03"]
[WhiteClock "0:01:05"]
[BlackClock "0:01:48"]

1. e4 d5 2. exd5 Qxd5 3. Nc3 Qe5+ 4. Nge2 Nf6 5. d4 Qa5 6. Bd2 c6 7. Nf4 Bf5 8. Bd3 Bxd3 9. Nxd3 e6 10. O-O Nbd7 11. Re1 Be7 12. Qf3 O-O 13. Ne4 Qh5 14. Qxh5 Nxh5 15. Bb4 Bxb4 16. Nxb4 a5 17. Nd3 Nhf6 18. Nd6 Rab8 19. c4 Rfd8 20. Ne5 Nxe5 21. dxe5 Ne8 22. c5 Nc7 23. Rad1 Nd5 24. g3 b6 25. cxb6 Rxb6 26. Nc4 Rb5 27. b3 Ra8 28. Nd6 Rb6 29. Rd4 h6 30. Rc1 Nb4 31. Rd2 a4 32. bxa4 Rxa4 33. a3 Nd5 34. Rdc2 Ne7 35. Kg2 Rb3 36. Nc4 Nd5 37. Nd2 Rd3 38. Nf3 Raxa3 39. Rxc6 Rxf3 40. Rc8+ Kh7 41. Rf8 Kg6 42. h4 Rf5 43. f4 h5 44. Rcc8 Ne3+ 45. Kf3 Ng4+ 46. Ke4 Rxg3 47. Rh8 Re3+ 48. Kd4 Rxf4+ 49. Kc5 Rc3+ 50. Kd6 Rxc8 51. Rxc8 Rd4+ 0-1


[Site "https://www.chess.com"]

[Event "Titled Tuesday Blitz January 03 Late 2023"]
[White "Tanenbaum, Zachary"]
[Black "Urbina Perez, Juan Antonio"]
[WhiteFideId "2060850"]
[BlackFideId "2217368"]
[WhiteElo "2261"]
[BlackElo "2266"]
[Result "1-0"]
[Round "02"]
[TimeControl "180+2"]
[Date "2023.01.03"]
[WhiteClock "0:00:27"]
[BlackClock "0:01:35"]

1. e4 c5 2. Nf3 e6 3. d4 cxd4 4. Nxd4 Bc5 5. Nc3 Qb6 6. Be3 Nc6 7. Na4 Qa5+ 8. c3 Bxd4 9. Bxd4 Nxd4 10. Qxd4 e5 11. Qc4 Ne7 12. Nc5 O-O 13. Nb3 Qb6 14. Qc5 Qxc5 15. Nxc5 d6 16. Nb3 Be6 17. O-O-O Rac8 18. Rxd6 b6 19. Ba6 Rc7 20. Rhd1 g6 21. Rd8 Nc6 22. Rxf8+ Kxf8 23. Bb5 Bxb3 24. axb3 Na5 25. Kc2 Nb7 26. Rd5 Re7 27. b4 Kg7 28. Bc6 Kf6 29. c4 Rc7 30. Bxb7 Rxb7 31. c5 Rc7 32. Kc3 Ke6 33. Rd6+ Ke7 34. Kc4 f5 35. exf5 gxf5 36. Kd5 bxc5 37. bxc5 e4 38. c6 a5 39. Rd7+ Rxd7+ 40. cxd7 Kxd7 41. Ke5 Kc6 42. Kxf5 Kb5 43. Kxe4 Kb4 44. f4 Kb3 45. f5 Kxb2 46. f6 a4 47. f7 a3 48. f8=Q a2 49. Qb4+ Ka1 50. Qb3 h5 51. Qc2 h4 52. Qc1# 1-0


[Site "https://www.chess.com"]

[Event "Titled Tuesday Blitz January 03 Late 2023"]
[White "Seletsky, Grigory"]
[Black "Amburgy, Ryan"]
[WhiteFideId "14112191"]
[BlackFideId "30924820"]
[WhiteElo "2259"]
[BlackElo "2246"]
[Result "1-0"]
[Round "02"]
[TimeControl "180+2"]
[Date "2023.01.03"]
[WhiteClock "0:01:51"]
[BlackClock "0:00:58"]

1. e4 c6 2. d4 d5 3. Nc3 dxe4 4. Nxe4 Nf6 5. Ng3 h5 6. h3 h4 7. N3e2 Bf5 8. Nf3 Ne4 9. c3 e6 10. Nf4 Be7 11. Bd3 Nd6 12. O-O Nd7 13. Re1 O-O 14. Ne5 Nxe5 15. dxe5 Ne8 16. Bxf5 exf5 17. Qc2 g6 18. e6 Qc7 19. exf7+ Kxf7 20. Qb3+ Kf6 21. Qe6+ 1-0


[Site "https://www.chess.com"]

[Event "Titled Tuesday Blitz January 03 Late 2023"]
[White "Dourerassou, Jonathan"]
[Black "Dinu, Dumitru-Daniel"]
[WhiteFideId "628050"]
[BlackFideId "1208403"]
[WhiteElo "2414"]
[BlackElo "2203"]
[Result "1-0"]
[Round "02"]
[TimeControl "180+2"]
[Date "2023.01.03"]
[WhiteClock "0:01:33"]
[BlackClock "0:00:12"]

1. d4 Nf6 2. Bg5 c6 3. Bxf6 gxf6 4. e4 d5 5. Nc3 dxe4 6. Nxe4 Bf5 7. Ng3 Bg6 8. Nf3 Qb6 9. Qc1 Nd7 10. Be2 O-O-O 11. O-O h5 12. h4 Bh6 13. Qd1 Bf4 14. Nh1 Rhg8 15. Bd3 Bb8 16. Re1 e6 17. c4 Qc7 18. Bxg6 Rxg6 19. Qe2 Rdg8 20. g3 f5 21. Ng5 f4 22. Qxh5 fxg3 23. Nxg3 f6 24. Rxe6 Qf4 25. Rae1 R6g7 26. Re8+ Rxe8 27. Rxe8+ Kc7 28. Ne6+ Kb6 29. Nxf4 Bxf4 30. Qf3 Bxg3 31. fxg3 1-0


[Site "https://www.chess.com"]

[Event "Titled Tuesday Blitz January 03 Late 2023"]
[White "Nasuta, Grzegorz"]
[Black "Dudzinski, Pawel"]
[WhiteFideId "1141686"]
[BlackFideId "1117890"]
[WhiteElo "2552"]
[BlackElo "2186"]
[Result "1-0"]
[Round "02"]
[TimeControl "180+2"]
[Date "2023.01.03"]
[WhiteClock "0:00:55"]
[BlackClock "0:00:04"]

1. e4 c6 2. Nc3 d5 3. d4 dxe4 4. Nxe4 Nf6 5. Nxf6+ exf6 6. c3 Bd6 7. Bd3 O-O 8. Ne2 Re8 9. O-O Bg4 10. Qc2 Bxe2 11. Bxe2 Qc7 12. g3 Nd7 13. Bf3 c5 14. Be3 cxd4 15. Bxd4 Bc5 16. Rad1 Bxd4 17. Rxd4 Ne5 18. Bg2 Rad8 19. Re4 b6 20. Rfe1 Kf8 21. Qe2 Qd7 22. h4 h6 23. Re3 Ng6 24. Rxe8+ Rxe8 25. Qxe8+ Qxe8 26. Rxe8+ Kxe8 27. Kf1 Ke7 28. Ke2 Kd6 29. Ke3 Kc5 30. Bf1 Ne5 31. f4 Ng4+ 32. Kf3 f5 33. Bh3 h5 34. Bxg4 hxg4+ 35. Ke3 Kc4 36. Kd2 b5 37. h5 a5 38. b3+ Kd5 39. Kd3 Kc5 40. a3 a4 41. bxa4 bxa4 42. c4 Kd6 43. Kd4 f6 44. c5+ Kc6 45. Kc4 Kc7 46. Kb5 Kb7 47. Kxa4 Kc6 48. Kb4 g5 49. hxg6 1-0


[Site "https://www.chess.com"]

[Event "Titled Tuesday Blitz January 03 Late 2023"]
[White "Boyer, Mahel"]
[Black "Estrada Nieto, Julian"]
[WhiteFideId "45102422"]
[BlackFideId "5101018"]
[WhiteElo "2489"]
[BlackElo "2215"]
[Result "0-1"]
[Round "02"]
[TimeControl "180+2"]
[Date "2023.01.03"]
[WhiteClock "0:00:03"]
[BlackClock "0:00:21"]

1. e4 e5 2. Nf3 Nc6 3. d4 exd4 4. Nxd4 Nf6 5. Nxc6 bxc6 6. Nd2 d5 7. exd5 cxd5 8. Bb5+ Bd7 9. Bxd7+ Qxd7 10. O-O Be7 11. b3 O-O 12. Bb2 c5 13. h3 Rfe8 14. Qf3 d4 15. Nc4 Qd5 16. Qd3 Bd6 17. Rae1 Bc7 18. Bc1 Ne4 19. Bd2 Re6 20. Re2 Rae8 21. Rfe1 h6 22. a4 f5 23. Bc1 Nc3 24. Rxe6 Rxe6 25. Rxe6 Qxe6 26. Bd2 Ne4 27. Kf1 Kf7 28. Be1 g5 29. Qe2 Nf6 30. Qxe6+ Kxe6 31. Ke2 Kd5 32. Kd3 f4 33. f3 Nd7 34. h4 Nf8 35. h5 Ne6 36. Ba5 Bxa5 37. Nxa5 Ng7 38. Nb7 Nxh5 39. Nd8 Ng7 40. Nf7 Nf5 41. c4+ dxc3 42. Kxc3 Ne3 43. Nxh6 Nxg2 44. Ng4 Nh4 45. Nf6+ Ke6 46. Ne4 Nxf3 47. Nxc5+ Kd5 48. Nd3 Ne5 0-1


[Site "https://www.chess.com"]

[Event "Titled Tuesday Blitz January 03 Late 2023"]
[White "Olenik Campa, Rudi"]
[Black "Siniauski, Artsiom"]
[WhiteFideId "14633264"]
[BlackFideId "13512269"]
[WhiteElo "2356"]
[BlackElo "2231"]
[Result "1-0"]
[Round "02"]
[TimeControl "180+2"]
[Date "2023.01.03"]
[WhiteClock "0:00:46"]
[BlackClock "0:00:00"]

1. e4 e6 2. d4 d5 3. exd5 exd5 4. Bd3 Nc6 5. c3 Bd6 6. Ne2 Nge7 7. O-O Bg4 8. f3 Bh5 9. Bf4 Bg6 10. Bxd6 Qxd6 11. Na3 O-O-O 12. b4 h5 13. Nc2 h4 14. a4 h3 15. g3 Rde8 16. a5 Bxd3 17. Qxd3 Qg6 18. Qd2 Nf5 19. b5 Nb8 20. b6 axb6 21. axb6 Qxb6 22. Rfb1 Qc6 23. Nb4 Qc4 24. Nf4 c6 25. Nbd3 g5 26. Rb4 gxf4 27. Rxc4 dxc4 28. Qxf4 cxd3 29. Qxf5+ Kc7 30. Qxd3 Rh5 31. Qc4 Nd7 32. Qxf7 Reh8 33. Re1 R8h7 34. Qf4+ Kb6 35. Re6 Rb5 36. Qc1 Rh8 37. c4 Rb3 38. c5+ Kc7 39. Qf4+ Kc8 40. Re7 Rb1+ 41. Kf2 Rb2+ 42. Ke1 Rxh2 43. Qg4 Rd8 44. Kf1 Rh1+ 45. Kf2 Kc7 46. Rh7 Rh2+ 47. Kg1 Rg2+ 48. Kh1 Rd2 49. Rxh3 Rd1+ 50. Kg2 Re8 51. Qf4+ Kc8 52. Kf2 Rde1 53. g4 Rd1 54. Rh7 Rb1 55. Qf5 Rb2+ 56. Kg3 Rd8 57. g5 Rd2 58. Qg4 Rd1 59. Kg2 Rd2+ 60. Kf1 Rd1+ 61. Ke2 Ra1 62. g6 Ra2+ 63. Kd1 Kb8 64. Rxd7 Rh8 65. Rh7 Re8 66. g7 Ree2 67. g8=Q+ Ka7 68. Rxb7+ Kxb7 69. Qd7+ 1-0


[Site "https://www.chess.com"]

[Event "Titled Tuesday Blitz January 03 Late 2023"]
[White "Hsu, Li Yang"]
[Black "Forgacs, Attila Jr."]
[WhiteFideId "5800080"]
[BlackFideId "773654"]
[WhiteElo "2427"]
[BlackElo "2264"]
[Result "1-0"]
[Round "02"]
[TimeControl "180+2"]
[Date "2023.01.03"]
[WhiteClock "0:02:05"]
[BlackClock "0:01:34"]

1. Nf3 Nf6 2. g3 g6 3. Bg2 Bg7 4. O-O O-O 5. d4 d6 6. b3 Nc6 7. Bb2 e5 8. dxe5 dxe5 9. Nxe5 Qxd1 10. Rxd1 Ng4 11. Nd3 Bxb2 12. Nxb2 Re8 13. Bxc6 bxc6 14. Nc3 Bf5 15. Rd2 Kg7 16. Rad1 Kf6 17. Nc4 Re6 18. f3 Ne3 19. Nxe3 Rxe3 20. Na4 Rae8 21. Kf2 Bc8 22. Nc5 R3e5 23. Ne4+ Kg7 24. Rd8 Ba6 25. Rxe8 Rxe8 26. Rd7 Rc8 27. Ng5 Kf6 28. f4 Rf8 29. Nxh7+ 1-0


[Site "https://www.chess.com"]

[Event "Titled Tuesday Blitz January 03 Late 2023"]
[White "Zeynalli, Rashad"]
[Black "Urquhart, Ed"]
[WhiteFideId "13403320"]
[BlackFideId "2603748"]
[WhiteElo "2200"]
[BlackElo "2209"]
[Result "1-0"]
[Round "02"]
[TimeControl "180+2"]
[Date "2023.01.03"]
[WhiteClock "0:00:28"]
[BlackClock "0:00:14"]

1. d4 Nf6 2. Bf4 c5 3. d5 Qb6 4. Bc1 d6 5. Nc3 Bf5 6. f3 h6 7. e4 Bh7 8. Bc4 a6 9. a4 Nbd7 10. Nh3 Ne5 11. Be2 e6 12. O-O Be7 13. Nf4 exd5 14. Nfxd5 Nxd5 15. Nxd5 Qd8 16. f4 Nc6 17. f5 Bf6 18. Bf4 Be5 19. Bxe5 Nxe5 20. f6 g5 21. Bh5 Bxe4 22. a5 Bxd5 23. Qxd5 Qd7 24. Rae1 O-O-O 25. h3 Rhe8 26. b4 Qc6 27. Bxf7 Rf8 28. Be6+ Kb8 29. bxc5 Qxd5 30. Bxd5 Nd7 31. Re6 Nxc5 32. Re7 Rd7 33. Rb1 Kc7 34. Rxd7+ Kxd7 35. f7 Kc7 36. h4 Kd7 37. hxg5 hxg5 38. Kf2 Ke7 39. Kg3 Kf6 40. Rb6 Ke7 41. Kg4 Kd7 42. Kxg5 Kc7 43. Rb1 Kd7 44. Kg6 Ke7 45. Kg7 Nd7 46. Rxb7 Rc8 47. Rxd7+ Kxd7 48. f8=Q Rxf8 49. Kxf8 1-0


[Site "https://www.chess.com"]